 Dungeon Crawl Stone Soup version 0.17-a0-1914-gde4187c (webtiles) character file.

34785 Goblin1989 the Basher (level 13, -22/74 HPs)
             Began as a Vine Stalker Berserker on Sept 26, 2015.
             Was the Champion of Trog.
             Annihilated by a boulder beetle (32 damage)
             ... on level 7 of the Lair of Beasts.
             The game lasted 01:01:49 (13280 turns).

Goblin1989 the Basher (Vine Stalker Berserker)     Turns: 13280, Time: 01:01:50

Health: -22/74     AC: 16    Str: 23    XL:     13   Next: 79%
Magic:  0/14       EV:  9    Int: 14    God:    Trog [******]
Gold:   1090       SH:  0    Dex: 10    Spells: 0 memorised, 12 levels left

rFire  + . .     SeeInvis +     k - +8 dire flail "Azog" {crush, +Blink rF+ Int+3}
rCold  . . .     Clarity  .     i - +1 chain mail of Raxkaty {+Blink rPois Int+4 Dex-4}
rNeg   + + +     SustAt   .     (no shield)
rPois  +         Gourm    .     j - +1 helmet
rElec  .         Spirit   +     (no cloak)
rCorr  +         Warding  .     a - +0 pair of gloves
rMut   .         Stasis   .     (no boots)
MR     +++..                    O - amulet of Xoinkeukhy {rCorr Slay+2}
Stlth  ..........               e - ring "Sulur" {rN+ Slay+4}
                                D - ring "Ela Vywk" {Wiz rN++ Str-2 Slay+3 SInv}

@: regenerating, extremely resistant to hostile enchantments, extremely
unstealthy
A: fangs 3, regeneration 3, magic shield, antimagic bite, no device heal 3, rot
immunity
a: Burn Spellbooks, Berserk, Trog's Hand, Brothers in Arms, Renounce Religion,
Evoke Blink


You were on level 7 of the Lair of Beasts.
You worshipped Trog.
Trog was exalted by your worship.
You were very hungry.

You visited 2 branches of the dungeon, and saw 15 of its levels.
You also visited: Labyrinth and Ossuary.

You collected 1090 gold pieces.

Inventory:

Hand weapons
 k - the +8 dire flail "Azog" (weapon) {crush, +Blink rF+ Int+3}
   (Trog gifted it to you on level 3 of the Lair of Beasts)

   It inflicts extra damage upon your enemies.
   It affects your intelligence (+3).
   It protects you from fire.
   It lets you blink.
Armour
 a - a +0 pair of gloves (worn)
 i - the +1 chain mail of Raxkaty (worn) {+Blink rPois Int+4 Dex-4}
   (You found it on level 6 of the Lair of Beasts)

   It affects your intelligence (+4).
   It affects your dexterity (-4).
   It protects you from poison.
   It lets you blink.
 j - a +1 helmet (worn)
 G - the +0 chain mail "Iklorch" {rElec Int+4}
   (You took it off a minotaur in a labyrinth)

   It affects your intelligence (+4).
   It insulates you from electricity.
Rods
 z - a +3 lightning rod (9/9)
   (You took it off a minotaur in a labyrinth)
Jewellery
 e - the ring "Sulur" (right hand) {rN+ Slay+4}
   (You found it on level 5 of the Dungeon)

   [ring of positive energy]

   It affects your accuracy and damage with ranged weapons and melee attacks
   (+4).
   It protects you from negative energy.
 n - an uncursed ring of poison resistance {unknown}
 p - an uncursed ring of protection from magic
 x - an uncursed ring of flight
 D - the ring "Ela Vywk" (left hand) {Wiz rN++ Str-2 Slay+3 SInv}
   (You took it off a minotaur in a labyrinth)

   [ring of wizardry]

   It improves your spell success rate.
   It affects your strength (-2).
   It affects your accuracy and damage with ranged weapons and melee attacks
   (+3).
   It greatly protects you from negative energy.
   It lets you see invisible.
 O - the amulet of Xoinkeukhy (around neck) {rCorr Slay+2}
   (You found it in a labyrinth)

   [amulet of resist corrosion]

   It protects you from acid and corrosion.
   It affects your accuracy and damage with ranged weapons and melee attacks
   (+2).
Magical devices
 h - a wand of frost (22)
 t - a wand of digging (0)
 F - a wand of teleportation (0)
 J - a wand of disintegration (19)
 N - a wand of disintegration (2)
Scrolls
 d - 4 scrolls of blinking
 f - 3 scrolls of enchant weapon
 o - 3 scrolls of fear
 s - 8 scrolls of remove curse
 u - 3 scrolls of fog
 v - 4 scrolls of enchant armour
 K - a scroll of identify
 L - 2 scrolls of teleportation
Potions
 b - a potion of ambrosia
 g - 11 potions of curing
 l - 4 potions of magic
 m - 2 potions of invisibility
 r - 2 potions of haste
 w - 3 potions of might
 B - a potion of flight
 C - a potion of cancellation {unknown}
 E - a potion of berserk rage {unknown}
 I - a potion of resistance
Books
 y - a book of the Warp

   Spells                             Type                      Level
   a - Recall                         Summoning/Translocation      3
   b - Gell's Gravitas                Hexes/Translocation          3
   c - Force Lance                    Conjuration/Translocation    4
   d - Phase Shift                    Translocation                5
   e - Warp Weapon                    Charms/Translocation         5
   f - Summon Forest                  Summoning/Translocation      5
   Trog disapproves of the use of such an item.
 A - a Fen Folio

   Spells                             Type                      Level
   a - Corpse Rot                     Necromancy                   2
   b - Stone Arrow                    Conjuration/Earth            3
   c - Leda's Liquefaction            Hexes/Earth                  4
   d - Summon Forest                  Summoning/Translocation      5
   e - Hydra Form                     Transmutation                6
   f - Summon Hydra                   Summoning                    7
   Trog disapproves of the use of such an item.
 P - a Necronomicon

   Spells                             Type                      Level
   a - Haunt                          Necromancy/Summoning         7
   b - Borgnjor's Revivification      Necromancy                   8
   c - Death's Door                   Charms/Necromancy            8
   d - Necromutation                  Transmutation/Necromancy     8
   Trog disapproves of the use of such an item.
 Q - the Papyrus of Darkness
   (You found it in a labyrinth)

   Spells                             Type                      Level
   a - Sublimation of Blood           Necromancy                   2
   b - Bolt of Draining               Conjuration/Necromancy       5
   c - Cigotuvi's Embrace             Necromancy                   5
   Trog disapproves of the use of such an item.
Miscellaneous
 U - a sack of spiders
Comestibles
 c - 10 bread rations
 q - 9 meat rations
 M - 7 royal jellies


   Skills:
 + Level 11.4 Fighting
 - Level 14.2 Maces & Flails
 - Level 10.1 Armour
 + Level 3.3 Dodging


You had 12 spell levels left.
You didn't know any spells.

Dungeon Overview and Level Annotations

Branches:
Dungeon (8/15)             Temple (0/1) D:7            Lair (7/8) D:8
 Shoals (0/4) Lair:5       Spider (0/4) Lair:5
  Slime: Lair:6-8

Altars:
Ashenzari
Dithmenos
Okawaru
Qazlal
Vehumet
Zin

Annotations:
Lair:2 exclusion: oklob plant
Lair:5 Kirke


Innate Abilities, Weirdness & Mutations

You have razor-sharp teeth.
You regenerate.
When hurt, damage is shared between your health and your magic reserves.
Your bite disrupts and absorbs the magic of your enemies.
Potions and wands cannot restore your health.
You are immune to rotting.


Message History

You hit the boulder beetle.
You bite the boulder beetle, but do no damage.
The boulder beetle is moderately wounded.
You bludgeon the boulder beetle!!
The boulder beetle is severely wounded.
The boulder beetle bites you!!
* * * LOW HITPOINT WARNING * * *
You are too injured to fight recklessly!
Use which ability?
You're too hungry to go berserk.
Unknown command.
Use which ability?
Your skin crawls.
You feel resistant to hostile enchantments.
You feel slightly more hungry.
You thump the boulder beetle! You bite the boulder beetle. You drain its power.
You feel invigorated.
The boulder beetle is almost dead.
The boulder beetle bites you!!
You die...

..P....##.#
..........%...#......###
..............##...P..##
#.........%...##..PPP##.
#............###.PPP#..
#...................##
#.................P##
..#....Br....#......##
.......@#...#........#
#..####.#..#.#P......#
....##.⌠.## ##.....####
#..#.....# #......##P
......<.⌠# #.....###.
#..#.....# ##P...###.
#...#..⌠.## #P.....###
#...###.#######......# #
.......#....P#.......###


You could see a boulder beetle and a porcupine.

Vanquished Creatures
  A minotaur (Lab)
  Josephine (Lair:7)
  7 hydras
  A queen ant (Lair:1)
  A griffon (Lair:7)
  3 black mambas
  7 elephants
  A torpor snail (Lair:6)
  7 spiny frogs
  9 komodo dragons
  A jumping spider (Lair:5)
  2 queen bees (Lair:5)
  The ghost of Zebura the Cutter, an experienced VSAs (Ossuary)
  5 polar bears
  10 blink frogs
  A hog (Lair:4)
  18 yaks
  8 hippogriffs
  4 wraiths (Lair:7)
  2 basilisks
  8 wolves
  Menkaure (D:7)
  Edmund (D:5)
  13 water moccasins
  12 porcupines
  5 soldier ants (Lair:1)
  Duvessa (D:6)
  2 sky beasts
  3 ice beasts
  5 black bears
  4 centaurs
  3 ogres
  A necrophage (D:7)
  8 crocodiles
  14 giant frogs
  Dowan (D:6)
  A water moccasin zombie (D:8)
  2 scorpions (D:4)
  A jelly (D:7)
  27 killer bees (Lair:5)
  2 electric eels
  4 hounds
  A centaur zombie (D:8)
  A crimson imp (D:8)
  2 orc priests
  2 human zombies
  3 giant frog skeletons
  2 human skeletons (D:8)
  8 iguanas
  A centaur skeleton (D:4)
  6 orc wizards
  28 worker ants
  6 sheep
  A big kobold zombie (Ossuary)
  2 hound skeletons
  A hound zombie (Ossuary)
  4 mummies (Ossuary)
  2 worker ant zombies
  3 gnolls (D:4)
  28 river rats
  13 adders
  An ooze (D:4)
  An adder skeleton (D:5)
  2 adder zombies
  A worm (D:4)
  5 giant geckos
  26 orcs
  3 ball pythons
  8 bats
  5 hobgoblins
  7 jackals
  6 kobolds
  3 giant cockroaches
  6 giant newts
  A goblin (D:3)
  A goblin zombie (Ossuary)
  A hobgoblin zombie (Ossuary)
  A jackal zombie (Ossuary)
  2 kobold zombies (Ossuary)
  2 orc skeletons (D:8)
  2 orc zombies
  A quokka (D:7)
  2 rats
  2 rat zombies (Ossuary)
  A fungus (Lair:5)
  2 plants
415 creatures vanquished.

Vanquished Creatures (others)
  A fungus (Lair:6)
  7 plants (Lair:5)
8 creatures vanquished.

Grand Total: 423 creatures vanquished

Notes
Turn   | Place    | Note
--------------------------------------------------------------
     0 | D:1      | Goblin1989 the Vine Stalker Berserker began the quest for the Orb.
     0 | D:1      | Reached XP level 1. HP: 11/11 MP: 2/2
   183 | D:1      | Reached skill level 3 in Maces & Flails
   488 | D:1      | Reached XP level 2. HP: 14/16 MP: 3/3
   679 | D:2      | Found a shadowy altar of Dithmenos.
   739 | D:2      | Reached XP level 3. HP: 19/19 MP: 4/4
  1043 | D:3      | Acquired Trog's second power
  1077 | D:3      | Reached skill level 4 in Maces & Flails
  1444 | D:3      | Noticed a giant frog
  1452 | D:3      | Killed a giant frog
  1452 | D:3      | Reached skill level 5 in Maces & Flails
  1452 | D:3      | Reached XP level 4. HP: 16/23 MP: 5/5
  1452 | D:3      | Reached XP level 5. HP: 18/27 MP: 6/6
  1909 | D:4      | Gained mutation: You heal very quickly. [Vine Stalker growth]
  1909 | D:4      | Reached XP level 6. HP: 20/32 MP: 4/7
  1921 | D:4      | Reached skill level 6 in Maces & Flails
  2028 | D:4      | Noticed a sky beast
  2059 | D:4      | Killed a sky beast
  2455 | D:4      | Noticed an ogre
  2462 | D:4      | Killed an ogre
  2462 | D:4      | Reached skill level 7 in Maces & Flails
  2462 | D:4      | Reached XP level 7. HP: 35/35 MP: 8/8
  2964 | D:4      | Reached skill level 8 in Maces & Flails
  3131 | D:5      | Entered Level 5 of the Dungeon
  3221 | D:5      | Gained mutation: You have razor-sharp teeth. [Vine Stalker growth]
  3221 | D:5      | Reached XP level 8. HP: 39/39 MP: 3/9
  3281 | D:5      | Got a wavering tin ring
  3285 | D:5      | Noticed Edmund
  3286 | D:5      | Found a stormy altar of Qazlal.
  3295 | D:5      | Killed Edmund
  3295 | D:5      | Reached skill level 9 in Maces & Flails
  3681 | D:6      | Noticed Dowan
  3682 | D:6      | Noticed Duvessa
  3703 | D:6      | Killed Duvessa
  3708 | D:6      | Killed Dowan
  4220 | D:6      | Reached skill level 10 in Maces & Flails
  4365 | D:7      | Noticed Menkaure
  4370 | D:7      | Killed Menkaure
  4370 | D:7      | Reached XP level 9. HP: 43/43 MP: 10/10
  4389 | D:7      | Identified the ring "Sulur" {rN+ Slay+4} (You found it on level 5 of the Dungeon)
  4600 | D:7      | Reached skill level 11 in Maces & Flails
  4715 | D:7      | Found an iron altar of Okawaru.
  4721 | D:7      | Acquired Trog's third power
  4723 | D:7      | Found a glowing silver altar of Zin.
  4726 | D:7      | Found a radiant altar of Vehumet.
  4827 | D:7      | Found a staircase to the Ecumenical Temple.
  5134 | D:8      | Found a sand-covered staircase.
  5139 | Ossuary  | Entered an ossuary
  5164 | Ossuary  | Noticed Zebura's ghost (experienced VSAs)
  5172 | Ossuary  | Killed Zebura's ghost
  5364 | D:8      | Reached skill level 12 in Maces & Flails
  5413 | D:8      | Found a shattered altar of Ashenzari.
  5544 | D:8      | Reached XP level 10. HP: 47/47 MP: 11/11
  5967 | D:8      | Found a staircase to the Lair.
  5968 | D:8      | Noticed a komodo dragon
  5987 | D:8      | Killed a komodo dragon
  6038 | Lair:1   | Entered Level 1 of the Lair of Beasts
  6593 | Lair:1   | Reached skill level 5 in Fighting
  6686 | Lair:1   | Received a gift from Trog
  6716 | Lair:1   | Noticed a queen ant
  6723 | Lair:1   | Killed a queen ant
  6895 | Lair:2   | Reached skill level 5 in Armour
  6927 | Lair:2   | Reached XP level 11. HP: 45/58 MP: 8/12
  7131 | Lair:2   | Noticed a six-headed hydra
  7145 | Lair:2   | Killed a six-headed hydra
  7325 | Lair:2   | Noticed a seven-headed hydra
  7335 | Lair:2   | Killed a seven-headed hydra
  7568 | Lair:2   | Noticed an oklob plant
  7680 | Lair:2   | Noticed a black mamba
  7691 | Lair:2   | Killed a black mamba
  8118 | Lair:3   | Received a gift from Trog
  8403 | Lair:3   | Gained mutation: You regenerate. [Vine Stalker growth]
  8403 | Lair:3   | Reached XP level 12. HP: 60/66 MP: 10/13
  8427 | Lair:3   | Received a gift from Trog
  8445 | Lair:3   | Got a dazzling dire flail {god gift}
  8446 | Lair:3   | Identified the +8 dire flail "Azog" {crush, +Blink rF+ Int+3} (Trog gifted it to you on level 3 of the Lair of Beasts)
  8687 | Lair:3   | Reached skill level 13 in Maces & Flails
  9154 | Lair:4   | Noticed an eight-headed hydra
  9164 | Lair:4   | Killed an eight-headed hydra
  9346 | Lair:4   | Reached skill level 14 in Maces & Flails
  9726 | Lair:4   | Got a crude quarterstaff
  9727 | Lair:4   | Identified the +2 quarterstaff of Wameh {crush, Stlth+} (You found it on level 4 of the Lair of Beasts)
  9994 | Lair:5   | Noticed Kirke
 10034 | Lair:5   | Received a gift from Trog
 10113 | Lair:5   | Reached XP level 13. HP: 65/72 MP: 14/14
 10130 | Lair:5   | Found a staircase to the Shoals.
 10200 | Lair:5   | Reached skill level 10 in Fighting
 10286 | Lair:5   | Found a hole to the Spider Nest.
 10773 | Lair:6   | Received a gift from Trog
 10965 | Lair:6   | Found a labyrinth entrance.
 10991 | Lab      | Entered a labyrinth
 12238 | Lab      | Noticed a minotaur
 12248 | Lab      | Killed a minotaur
 12248 | Lab      | Reached skill level 10 in Armour
 12250 | Lab      | Got a wavering platinum ring
 12253 | Lab      | Got an opal-encrusted chain mail
 12256 | Lab      | Got a glittering graven amulet
 12256 | Lab      | Identified the Papyrus of Darkness
 12281 | Lair:6   | Identified the cursed +0 chain mail "Iklorch" {rElec Int+4} (You took it off a minotaur in a labyrinth)
 12284 | Lair:6   | Identified the ring "Ela Vywk" {Wiz rN++ Str-2 Slay+3 SInv} (You took it off a minotaur in a labyrinth)
 12287 | Lair:6   | Identified the amulet of Xoinkeukhy {rCorr Slay+2} (You found it in a labyrinth)
 12753 | Lair:6   | Got a fine chain mail
 12765 | Lair:6   | Identified the +1 chain mail of Raxkaty {+Blink rPois Int+4 Dex-4} (You found it on level 6 of the Lair of Beasts)
 13100 | Lair:7   | Noticed Josephine
 13105 | Lair:7   | Killed Josephine
 13280 | Lair:7   | Annihilated by a boulder beetle

Vault maps used:
D:1:      roderic_octagonal_star, minmay_misc_feat_five
D:2:      nicolae_dithmenos_through_a_glass_darkly
D:3:      first_bread
D:5:      grunt_qazlal_clouds, serial_shops, shop, uniq_crazy_yiuf_cottage,
          uniq_edmund
D:6:      uniq_duvessa
D:7:      kennysheep_mini, minitemple, minmay_temple_entry_purple_smoke,
          uniq_menkaure
D:8:      ashenzari_conservatory_becter, david_lair_shrubbed,
          nicolae_ossuary_entry_catacombs
Lair:1:   nicolae_quartered_pool_super, zaba_antful_of_joy, lemuel_fruit_fields
Lair:2:   minmay_lair_oklob_tunnel, beast_lair_carwin_11
Lair:3:   beast_lair_carwin_large_2, infiniplex_staircase_pool_2
Lair:4:   forest_paths, infiniplex_staircase_pool
Lair:5:   wad_woods_minihive, shoals_dummy_entry, spider_nest_entry_rubble,
          special_room, uniq_kirke
Lair:6:   gammafunk_lair_bear_cave, lab_entry_generic
Lair:7:   patterned_corridor, grunt_megastairs_2, lemuel_fruit_tree,
          uniq_josephine
Lab:      labyrinth_watery, lab_fountain, nicolae_lab_stuck
Ossuary:  ossuary_minmay_tomb_2a

Action                   |  1- 3 |  4- 6 |  7- 9 | 10-12 | 13-15 || total
-------------------------+-------+-------+-------+-------+-------++-------
Melee: Mace              |     8 |       |       |       |       ||     8
       Whip              |    99 |   153 |   340 |   337 |       ||   929
       Dire flail        |       |       |       |   162 |   199 ||   361
Invok: Trog's Hand       |       |     2 |     1 |       |     1 ||     4
       Berserk           |       |     1 |     5 |     5 |     4 ||    15
Evoke: Wand              |       |       |       |       |     7 ||     7
  Use: Scroll            |       |       |    18 |     8 |     4 ||    30
  Eat: Chunk             |     2 |       |    12 |    14 |     8 ||    36
       Royal jelly       |       |     1 |       |       |       ||     1
       Fruit             |       |     1 |     1 |     2 |     4 ||     8
       Beef jerky        |       |       |     2 |       |     1 ||     3
       Bread ration      |       |       |       |     1 |       ||     1
